 Dungeon Crawl Stone Soup version 0.21.1-1-g345015fe64 (webtiles) character file.

4927 RUZZLEFAZAZZLE the Cleaver (level 10, 0/91 HPs)
             Began as a Hill Orc Fighter on Feb 6, 2018.
             Was a Believer of Okawaru.
             Killed from afar by a kobold (6 damage)
             ... with a wand of acid (7)
             ... on level 8 of the Dungeon.
             The game lasted 00:23:41 (6954 turns).

RUZZLEFAZAZZLE the Cleaver (Hill Orc Fighter)       Turns: 6954, Time: 00:23:42

Health: 0/91       AC: 17    Str: 24    XL:     10   Next: 52%
Magic:  12/12      EV:  8    Int: 13    God:    Okawaru [**....]
Gold:   246        SH: 16    Dex:  9    Spells: 9/9 levels left

rFire    . . .     SeeInvis .   u - +1 hand axe (flame)
rCold    . . .     Gourm    .   c - +5 shield
rNeg     . . .     Faith    .   p - +6 scale mail of the Kraken {Int+5}
rPois    +         Spirit   .   (helmet restricted)
rElec    .         Reflect  .   j - +0 cloak
rCorr    .         Harm     .   (no gloves)
MR       .....                  z - +0 pair of boots
Stlth    ..........             (no amulet)
HPRegen  0.25/turn              o - ring of poison resistance
MPRegen  0.13/turn              (no ring)

@: no status effects
A: antennae 1, blink, clumsy 1, low mp 1, strong 1
a: Blink, Heroism, Renounce Religion


You were on level 8 of the Dungeon.
You worshipped Okawaru.
Okawaru was pleased with you.
You were not hungry.

You visited 2 branches of the dungeon, and saw 9 of its levels.

You collected 455 gold pieces.
You spent 209 gold pieces at shops.

Inventory:

Hand Weapons
 u - a +1 hand axe of flaming (weapon)
Armour
 c - a +5 shield (worn)
 i - a +0 helmet
 j - a +0 cloak (worn)
 p - the +6 scale mail of the Kraken (worn) {Int+5}
   (You found it on level 5 of the Dungeon)

   It affects your intelligence (+5).
 z - a +0 pair of boots (worn)
Jewellery
 o - a ring of poison resistance (left hand)
Wands
 l - a wand of iceblast (7)
 q - a wand of acid (3)
 y - a wand of random effects (27)
Scrolls
 a - a scroll of amnesia
 b - 2 scrolls of enchant armour
 e - 5 scrolls of remove curse
 h - 4 scrolls of fear
 n - 3 scrolls of fog
 r - 3 scrolls of teleportation
 x - a scroll of magic mapping {unknown}
Potions
 d - 2 potions of flight
 g - 3 potions of curing
 k - a potion of lignification {unknown}
 s - a potion of berserk rage {unknown}
 v - a potion of brilliance
 w - a potion of agility {unknown}
Comestibles
 f - 13 rations
 t - 13 chunks of flesh


   Skills:
 + Level 9.5 Fighting
 + Level 9.9 Axes
 + Level 8.7 Armour
 + Level 8.7 Shields
 + Level 5.0 Invocations


You had 9 spell levels left.
You didn't know any spells.

Dungeon Overview and Level Annotations

Branches:
Dungeon (8/15)             Temple (1/1) D:4
   Lair: D:8-11

Altars:
Ashenzari
Cheibriados
Dithmenos
Elyvilon
Fedhas
Hepliaklqana
Kikubaaqudgha
Makhleb
Nemelex Xobeh
Okawaru
Trog
Uskayaw
Vehumet
Wu Jian
Xom
Zin
The Shining One

Shops:
D:4 !


Innate Abilities, Weirdness & Mutations

You have a pair of small antennae on your head.
You can translocate small distances at will.
You are clumsy. (Dex -2)
Your magical capacity is low. (-10% MP)
Your muscles are strong. (Str +2)


Message History

The kobold shouts!
You hear a shout!
The kobold shoots a poisoned needle.
You block the poisoned needle.
The electric eel shoots out a bolt of lightning at you!
The bolt of electricity hits you!
* * * LOW HITPOINT WARNING * * *
You hear a shout!
A kobold comes into view. It is wielding a short sword.
You feel better.
The electric eel shoots out a bolt of lightning at you!
The bolt of electricity hits you!
* * * LOW HITPOINT WARNING * * *
You closely miss the electric eel.
The electric eel is almost dead.
The kobold shoots a poisoned needle.
You block the poisoned needle.
The electric eel shoots out a bolt of lightning at you!
The bolt of electricity hits you!
* * * LOW HITPOINT WARNING * * *
The kobold zaps a wand.
The bolt of acid misses the kobold.
The bolt of acid hits you!
You die...

... #.# # #######.#
#÷#
#.#.......########.#
#K#..............#.##
.K#.....<%†........#
.K.......#####.####
.#.#...........#
..#.#.............#
.......@..........#
......;.....#..#.##
.≈≈≈≈≈.≈...........
..≈≈≈≈≈....###.####
..≈≈≈≈≈....# .#
.≈≈≈≈≈≈..#.#
...≈≈≈≈....#
.......≈..##


You could see an electric eel and 3 kobolds.

Vanquished Creatures
  Erica (D:8)
  A polar bear (D:8)
  The ghost of Rrauwl the Insei, an amateur GnTm of the Shining One (D:3)
  A hippogriff (D:8)
  Prince Ribbit (D:7)
  Sigmund (D:3)
  Edmund (D:5)
  2 orc warriors
  5 ice beasts
  A black bear (D:8)
  A sky beast (D:5)
  3 phantoms
  A necrophage (D:6)
  2 ogres (D:7)
  A centaur (D:7)
  5 bullfrogs
  A scorpion (D:5)
  6 killer bees (D:8)
  A howler monkey (D:4)
  A bullfrog zombie (D:8)
  3 crimson imps
  2 hounds
  A jelly (D:6)
  5 orc priests
  A gnoll shaman (D:3)
  Crazy Yiuf (D:3)
  Jessica (D:3)
  2 centaur skeletons (D:4)
  An iguana (D:6)
  4 orc wizards
  8 worker ants
  A hound zombie (D:5)
  Robin (D:3)
  A worker ant zombie (D:7)
  10 adders
  6 gnolls
  A white imp (D:8)
  An adder zombie (D:5)
  3 worms (D:2)
  A dart slug (D:3)
  4 leopard geckos
  21 orcs
  5 giant cockroaches
  14 goblins
  14 hobgoblins
  14 jackals
  2 quokkas
  2 ball pythons
  8 bats
  9 frilled lizards
  17 kobolds
  A leopard gecko skeleton (D:5)
  7 rats
209 creatures vanquished.

Notes
Turn   | Place    | Note
-------+----------+-------------------------------------------
     0 | D:1      | RUZZLEFAZAZZLE the Hill Orc Fighter began the quest for the Orb.
     0 | D:1      | Reached XP level 1. HP: 19/19 MP: 1/1
   127 | D:1      | Reached XP level 2. HP: 21/27 MP: 2/2
   501 | D:1      | Reached XP level 3. HP: 23/33 MP: 3/3
  1037 | D:2      | Reached XP level 4. HP: 32/40 MP: 4/4
  1105 | D:2      | Found a radiant altar of Vehumet.
  1293 | D:2      | Noticed an ice beast
  1301 | D:2      | Killed an ice beast
  1301 | D:2      | Reached XP level 5. HP: 32/47 MP: 5/5
  1907 | D:3      | Reached skill level 5 in Fighting
  1907 | D:3      | Reached XP level 6. HP: 56/56 MP: 6/6
  2290 | D:3      | Reached skill level 5 in Axes
  2347 | D:3      | Noticed Robin
  2361 | D:3      | Noticed Rrauwl's ghost (amateur GnTm)
  2362 | D:3      | Killed Robin
  2391 | D:3      | Killed Rrauwl's ghost
  2391 | D:3      | Reached skill level 5 in Armour
  2391 | D:3      | Reached skill level 5 in Shields
  2391 | D:3      | Reached XP level 7. HP: 18/62 MP: 7/7
  2682 | D:3      | Noticed Sigmund
  2711 | D:3      | HP: 1/62 [something (3)]
  2720 | D:3      | Killed Sigmund
  2961 | D:3      | Noticed Jessica
  2987 | D:3      | Killed Jessica
  3028 | D:3      | Found a runed door.
  3365 | D:3      | Noticed Crazy Yiuf
  3376 | D:3      | Killed Crazy Yiuf
  3445 | D:4      | Reached XP level 8. HP: 71/71 MP: 8/8
  3465 | D:4      | Found Toeberasy's Distillery.
  3473 | D:4      | Bought a potion of mutation for 88 gold pieces
  3473 | D:4      | Bought a potion of mutation for 88 gold pieces
  3473 | D:4      | Bought a potion of curing for 33 gold pieces
  3473 | D:4      | Gained mutation: Your spells are a little easier to cast, but a little less powerful. [potion of mutation]
  3473 | D:4      | Gained mutation: Your body sometimes deteriorates upon taking damage. [potion of mutation]
  3473 | D:4      | Gained mutation: You can translocate small distances at will. [potion of mutation]
  3482 | D:4      | Lost mutation: Your body sometimes deteriorates upon taking damage. [potion of mutation]
  3482 | D:4      | Lost mutation: Your spells are a little easier to cast, but a little less powerful. [potion of mutation]
  3482 | D:4      | Gained mutation: Your muscles are strong. (Str +2) [potion of mutation]
  3482 | D:4      | Gained mutation: Your magical capacity is low. (-10% MP) [potion of mutation]
  3482 | D:4      | Gained mutation: You are clumsy. (Dex -2) [potion of mutation]
  3482 | D:4      | Gained mutation: You have a pair of small antennae on your head. [potion of mutation]
  3607 | D:4      | Found a staircase to the Ecumenical Temple.
  3860 | D:4      | Found a burning altar of Makhleb.
  4178 | D:5      | Entered Level 5 of the Dungeon
  4211 | D:5      | Got a brightly glowing scale mail
  4222 | D:5      | Identified the +6 scale mail of the Kraken {Int+5} (You found it on level 5 of the Dungeon)
  5020 | D:5      | Noticed Edmund
  5032 | D:5      | Killed Edmund
  5118 | D:5      | Found a blossoming altar of Fedhas.
  5179 | Temple   | Entered the Ecumenical Temple
  5232 | Temple   | Became a worshipper of Dithmenos the Shadowed
  5322 | D:6      | Fell from the grace of Dithmenos
  5578 | D:6      | Reached XP level 9. HP: 72/79 MP: 8/8
  5695 | D:6      | Found an iron altar of Okawaru.
  5713 | D:6      | Became a worshipper of Warmaster Okawaru
  6207 | D:7      | Reached skill level 1 in Invocations
  6240 | D:7      | Noticed Prince Ribbit
  6247 | D:7      | Killed Prince Ribbit
  6247 | D:7      | Reached * piety under Okawaru
  6617 | D:8      | Noticed Erica
  6641 | D:8      | Reached XP level 10. HP: 78/90 MP: 9/11
  6655 | D:8      | Killed Erica
  6655 | D:8      | Reached ** piety under Okawaru
  6934 | D:8      | Reached skill level 5 in Invocations
  6954 | D:8      | Killed from afar by a kobold

Skill      XL: |  1  2  3  4  5  6  7  8  9 10 |
---------------+-------------------------------+-----
Axes           | 3 4 5 6 7 9 |  9.9
Fighting       | 4 5 6 7 8 9 |  9.5
Armour         | 4 5 6 8 |  8.7
Shields        | 4 5 6 8 |  8.7
Invocations    | 3 5 |  5.0

Action                   |  1- 3 |  4- 6 |  7- 9 | 10-12 || total
-------------------------+-------+-------+-------+-------++-------
Melee: War axe           |   104 |    28 |       |       ||   132
       Hand axe          |       |   112 |   507 |   104 ||   723
Invok: Heroism           |       |       |     1 |     1 ||     2
 Abil: Blink             |       |       |     3 |       ||     3
  Use: Scroll            |     2 |     7 |     4 |       ||    13
       Potion            |       |     2 |     7 |     1 ||    10
  Eat: Chunk             |     1 |     4 |    11 |     1 ||    17
       Ration            |       |       |     1 |       ||     1
Armor: Scale mail        |    55 |    57 |   136 |    49 ||   297
Dodge: Dodged            |    34 |    28 |    68 |    23 ||   153
Block: Shield            |    61 |    72 |   225 |    86 ||   444
